 Dungeon Crawl Stone Soup version 0.18.1-8-gdd0e5ea (webtiles) character file.

72 deorigin the Chiller (level 4, 30/30 HPs)
             Began as a Demonspawn Ice Elementalist on June 5, 2016.
             Quit the game on level 2 of the Dungeon.
             The game lasted 00:03:46 (1671 turns).

deorigin the Chiller (Demonspawn Ice Elementalist)  Turns: 1671, Time: 00:03:46

Health: 30/30      AC:  5    Str: 11    XL:     4   Next: 6%
Magic:  5/7        EV: 12    Int: 18    God:
Gold:   113        SH:  0    Dex: 13    Spells: 2 memorised, 3 levels left

rFire  . . .     SeeInvis .     e - +0 short sword
rCold  + . .     Gourm    .     t - +0 robe (curse)
rNeg   . . .     Faith    .     (no shield)
rPois  .         Spirit   +     (helmet restricted)
rElec  .         Dismiss  .     (no cloak)
rCorr  .         Reflect  .     x - +0 pair of gloves (curse)
SustAt .         Harm     .     (no boots)
MR     .....                    (no amulet)
Stlth  ++........               q - ring of protection from cold
                                i - +3 ring of strength

@: not resistant to hostile enchantments, unstealthy
A: horns 1, thin metallic scales 1, magic shield
a: no special abilities


You were on level 2 of the Dungeon.
You were not hungry.

You visited 1 branch of the dungeon, and saw 2 of its levels.

You collected 113 gold pieces.

Inventory:

Hand Weapons
 e - a +0 short sword (weapon)
 f - a +0 long sword
 k - a +0 dagger
 n - a +0 dagger
Armour
 a - a +0 robe
 o - a +0 plate armour
 t - a cursed +0 robe (worn)
 x - a cursed +0 pair of gloves (worn)
Jewellery
 i - a +3 ring of strength (left hand)
 q - a ring of protection from cold (right hand)
Scrolls
 d - 2 scrolls of remove curse {unknown}
 m - 2 scrolls of identify {unknown}
 p - a scroll of blinking {unknown}
 s - 2 scrolls of teleportation {unknown}
 v - a scroll of fear {unknown}
 y - a scroll of enchant weapon {unknown}
 z - a scroll of random uselessness {unknown}
Potions
 g - a potion of might {unknown}
 j - 2 potions of curing {unknown}
 l - a potion of mutation {unknown}
 r - a potion of invisibility {unknown}
 w - 2 potions of lignification {unknown}
 A - a potion of cancellation {unknown}
Books
 b - a book of Frost

   Spells                             Type                      Level
   a - Freeze                         Ice                          1
   b - Throw Frost                    Conjuration/Ice              2
   c - Ozocubu's Armour               Charms/Ice                   3
   d - Throw Icicle                   Conjuration/Ice              4
   e - Summon Ice Beast               Ice/Summoning                4
Comestibles
 c - 4 bread rations
 h - a meat ration
 u - 4 fruits
 B - a chunk of flesh


   Skills:
 - Level 1.7 Dodging
 - Level 1.7 Stealth
 - Level 2.0 Spellcasting
   Level 1.0 Conjurations
 + Level 2.1 Charms
 - Level 3.8 Ice Magic


You had 3 spell levels left.
You knew the following spells:

 Your Spells              Type           Power        Failure   Level  Hunger
a - Freeze                Ice            ###.         4%          1    #......
b - Ozocubu's Armour      Chrm/Ice       ##......     21%         3    ###....


Dungeon Overview and Level Annotations

Branches:
Dungeon (2/15)

Altars:
Nemelex Xobeh
Qazlal


Innate Abilities, Weirdness & Mutations

You have a pair of small horns on your head.
You are partially covered in thin metallic scales (AC +2).
When hurt, damage is shared between your health and your magic reserves.


Message History

Aiming: Freeze
Press: ? - help, Shift-Dir - straight line, f/p - adder
Aim: an adder (heavily wounded, slow)
You freeze the adder.
You kill the adder!
Your Charms skill increases to level 2!
You have reached level 4!
You feel clever.
Your demonic ancestry asserts itself...
You feel your magical essence form a protective shroud around your flesh.
You see here an adder corpse.
You butcher the adder corpse.
B - 2 chunks of flesh You see here an adder skeleton.
You start resting.
Eating one of 2 chunks of flesh.
This raw flesh tastes terrible.
You continue eating. x2
HP restored.
You start resting.
Your magical contamination has completely faded away.
Are you sure you want to abandon this character and quit the game? (Confirm with "yes".)

#####
#.# #.#
#.# #.+
#####.#
#.....#
#....$#
#.....#
#..@..#
#.....#
#.....#
#.....#
#######


There were no monsters in sight!

Vanquished Creatures
  2 adders (D:2)
  A worm (D:2)
  4 dart slugs
  A giant gecko (D:1)
  A giant cockroach (D:1)
  3 goblins (D:1)
  8 hobgoblins
  A quokka (D:2)
  2 ball pythons
  4 bats
  4 giant newts (D:1)
  4 kobolds
  7 rats
42 creatures vanquished.

Notes
Turn   | Place    | Note
--------------------------------------------------------------
     0 | D:1      | deorigin the Demonspawn Ice Elementalist began the quest for the Orb.
     0 | D:1      | Reached XP level 1. HP: 13/13 MP: 3/3
   145 | D:1      | Reached skill level 3 in Ice Magic
   169 | D:1      | Gained mutation: You have a pair of small horns on your head. [demonic ancestry]
   169 | D:1      | Reached XP level 2. HP: 19/19 MP: 5/5
   433 | D:1      | You fall through a shaft!
   912 | D:1      | Gained mutation: You are partially covered in thin metallic scales (AC +2). [demonic ancestry]
   912 | D:1      | Reached XP level 3. HP: 22/24 MP: 4/6
   917 | D:1      | Learned a level 3 spell: Ozocubu's Armour
  1162 | D:2      | Reached skill level 1 in Charms
  1271 | D:2      | Found a stormy altar of Qazlal.
  1545 | D:2      | Found a sparkling altar of Nemelex Xobeh.
  1634 | D:2      | Gained mutation: When hurt, damage is shared between your health and your magic reserves. [demonic ancestry]
  1634 | D:2      | Reached XP level 4. HP: 27/30 MP: 1/7
  1671 | D:2      | Quit the game

Skill      XL: |  1  2  3 |
---------------+----------+-----
Ice Magic      | 3 |  3.8
Charms         | 2 |  2.1
Dodging        | |  1.7
Stealth        | |  1.7
Spellcasting   | |  2.0
Conjurations   | |  1.0

Action                   |  1- 3 |  4- 6 || total
-------------------------+-------+-------++-------
Melee: Short sword       |    49 |       ||    49
       Headbutt          |     7 |       ||     7
 Cast: Freeze            |    41 |     1 ||    42
 Stab: Sleeping          |     6 |       ||     6
  Eat: Chunk             |     2 |     1 ||     3
Armor: Robe              |    14 |       ||    14
Dodge: Dodged            |    52 |       ||    52
